 Dungeon Crawl Stone Soup version 0.19-a0-1922-g1e9a4c1 (webtiles) character file.

176 Geomchi the Caller (level 5, -1/28 HPs)
             Began as a Deep Elf Summoner on Oct 24, 2016.
             Splashed by Ijyb's acid (15 damage)
             ... on level 3 of the Dungeon.
             The game lasted 00:06:23 (3640 turns).

Geomchi the Caller (Deep Elf Summoner)              Turns: 3640, Time: 00:06:23

Health: -1/28      AC:  8    Str:  5    XL:     5   Next: 30%
Magic:  12/22      EV: 16    Int: 21    God:
Gold:   145        SH:  5    Dex: 15    Spells: 4 memorised, 3 levels left

rFire  . . .     SeeInvis .     z - +0 falchion (protect)
rCold  . . .     Gourm    .     a - +0 robe
rNeg   . . .     Faith    .     u - +0 buckler
rPois  .         Spirit   .     s - +0 helmet
rElec  .         Reflect  +     e - +1 cloak
rCorr  .         Harm     .     (no gloves)
MR     .....                    (no boots)
Stlth  ++........               g - +2 amulet of reflection
                                n - ring of magical power
                                f - +4 ring of evasion

@: corroded, protection aura
A: no striking features
a: no special abilities


You were on level 3 of the Dungeon.
You were not hungry.

You visited 1 branch of the dungeon, and saw 3 of its levels.

You collected 145 gold pieces.

Inventory:

Hand Weapons
 z - a +0 falchion of protection (weapon)
Armour
 a - a +0 robe (worn)
 e - a +1 cloak (worn)
 s - a +0 helmet (worn)
 u - a +0 buckler (worn)
Jewellery
 f - a +4 ring of evasion (left hand)
 g - a +2 amulet of reflection (around neck)
 n - a ring of magical power (right hand)
 B - an uncursed ring of protection from fire {unknown}
Wands
 q - a wand of flame (21/48)
Scrolls
 i - 4 scrolls of identify {unknown}
 j - a scroll of random uselessness {unknown}
 l - a scroll of remove curse {unknown}
 o - a scroll of fear {unknown}
 x - a scroll of teleportation {unknown}
 y - a scroll of blinking {unknown}
Potions
 h - 2 potions of resistance {unknown}
 k - a potion of curing {unknown}
 m - a potion of heal wounds {unknown}
 p - a potion of lignification {unknown}
 r - 2 potions of degeneration {unknown}
 t - a potion of flight {unknown}
 v - a potion of brilliance {unknown}
 w - a potion of ambrosia {unknown}
 C - a potion of haste {unknown}
 D - 2 potions of agility
Books
 b - a book of Callings

   Spells                             Type                      Level
   a - Summon Small Mammal            Summoning                    1
   b - Call Imp                       Summoning                    2
   c - Call Canine Familiar           Summoning                    3
   d - Summon Guardian Golem          Hexes/Summoning              3
   e - Summon Lightning Spire         Summoning/Air                4
   f - Summon Ice Beast               Ice/Summoning                4
Comestibles
 c - 5 bread rations {@e1}
 d - 3 chunks of flesh {@w0}
 A - 4 fruits


   Skills:
 - Level 2.4 Dodging
 - Level 2.4 Stealth
 + Level 4.5 Spellcasting
 * Level 6.2 Summonings
 * Level 1.9 Ice Magic


You had 3 spell levels left.
You knew the following spells:

 Your Spells              Type           Power        Failure   Level  Hunger
a - Summon Small Mammal   Summ           ####         1%          1    None
b - Call Imp              Summ           ####....     2%          2    #......
c - Call Canine Familiar  Summ           ####....     6%          3    ##.....
d - Summon Ice Beast      Ice/Summ       ###.....     38%         4    ####...


Dungeon Overview and Level Annotations

Branches:
Dungeon (3/15)

Altars:

Annotations:
D:3 Ijyb


Message History

The goblin closely misses you.
You riposte.
You hit the goblin.
You kill the goblin!
Your hound closely misses the goblin.
The goblin hits your shadow imp with a club.
Your shadow imp hits Ijyb.
Your bat hits the goblin.
Your hound bites Ijyb.
You block the goblin's attack.
Your shadow imp closely misses the goblin.
The goblin hits your shadow imp but does no damage.
Ijyb hits your hound. The goblin barely misses you.
You riposte.
You miss the goblin. You block the goblin's attack.
Your hound barely misses Ijyb.
Your crimson imp closely misses Ijyb.
Your shadow imp hits the goblin.
Ijyb zaps a wand.
The bolt of acid hits the goblin.
The goblin is splashed with acid.
The acid corrodes the goblin!
The goblin dies!
The bolt of acid hits you!
Ouch! That really hurt!
The acid corrodes you!
You are splashed with acid!
The acid burns!
Ouch! That really hurt!
You die...

#.# #.# #..###. #..##.# #.#.#.#
#..###### ####..# #..8.8?8. ##.#
#........ #.# #b.g..... ####.#
#h5...... #..... ########
########gg5..... ####.. .......#
#.....5@)g...... #5.
######.###.######gr8.8.8. ####..
#.......##5# ########## #.5h5.
#.####.5##.# ##### #.#.# #.###.
#.####.5##.####...# #.#.# #h# #.
..>.....5.........####.#.###.###.
...#######.####....<.............
.).........# ##.###########.####
.#########.# #.# #.#


You could see Ijyb, 4 goblins, a friendly hound, a friendly crimson imp, a
friendly white imp, a friendly shadow imp, a friendly quokka and a friendly bat.

Vanquished Creatures
  2 adders (D:2)
  A goblin (D:3)
3 creatures vanquished.

Vanquished Creatures (collateral kills)
  A centaur skeleton (D:3)
  Terence (D:2)
  An orc wizard (D:3)
  A worker ant (D:3)
  Robin (D:2)
  6 gnolls (D:3)
  An adder (D:3)
  An ooze (D:1)
  3 worms
  3 dart slugs
  6 leopard geckos
  4 orcs (D:3)
  4 giant cockroaches
  18 goblins
  10 hobgoblins
  3 jackals (D:1)
  10 kobolds
  A quokka (D:2)
  3 bats
  8 frilled lizards
  5 rats (D:1)
91 creatures vanquished.

Vanquished Creatures (others)
  A goblin (D:3)
  A plant (D:2)
2 creatures vanquished.

Grand Total: 96 creatures vanquished

Notes
Turn   | Place    | Note
-------+----------+-------------------------------------------
     0 | D:1      | Geomchi the Deep Elf Summoner began the quest for the Orb.
     0 | D:1      | Reached XP level 1. HP: 10/10 MP: 6/6
   215 | D:1      | Reached XP level 2. HP: 15/15 MP: 4/8
   241 | D:1      | Learned a level 2 spell: Call Imp
   536 | D:1      | Reached skill level 5 in Summonings
  1448 | D:2      | Noticed Robin
  1516 | D:1      | Reached XP level 3. HP: 11/19 MP: 10/10
  1673 | D:1      | Learned a level 3 spell: Call Canine Familiar
  1781 | D:2      | Noticed Terence
  1787 | D:2      | Killed Terence
  1927 | D:2      | Killed Robin
  1993 | D:2      | Reached XP level 4. HP: 24/24 MP: 11/12
  1999 | D:2      | Learned a level 4 spell: Summon Ice Beast
  2875 | D:3      | Reached skill level 1 in Ice Magic
  3004 | D:3      | Reached skill level 6 in Summonings
  3417 | D:3      | Reached XP level 5. HP: 28/28 MP: 13/13
  3633 | D:3      | Noticed Ijyb
  3640 | D:3      | Splashed by Ijyb's acid

Vault maps used:
D:1:      lemuel_arrival_rhombus, minmay_lizard_pond
D:2:      first_bread, lexackson_kobold_supper, uniq_robin, uniq_terence
D:3:      kennysheep_the_goblin_king

Skill      XL: |  1  2  3  4 |
---------------+-------------+-----
Summonings     | 5 6 |  6.2
Spellcasting   | 4 |  4.5
Ice Magic      | 1 |  1.9
Dodging        | |  2.4
Stealth        | |  2.4

Action                   |  1- 3 |  4- 6 || total
-------------------------+-------+-------++-------
Melee: Dagger            |     5 |       ||     5
       Falchion          |       |     3 ||     3
 Cast: Summon Small Mamm |    29 |    11 ||    40
       Call Imp          |    43 |    37 ||    80
       Call Canine Famil |     5 |    12 ||    17
 Stab: Distracted        |     1 |       ||     1
  Eat: Chunk             |     4 |     7 ||    11
Armor: Robe              |     7 |     3 ||    10
Dodge: Dodged            |    30 |    12 ||    42
Block: Other             |     2 |       ||     2
       Buckler           |       |     4 ||     4
       Rpst.: Falchion   |       |     4 ||     4
